Construct Weapon Support Center
Selects Airborne Battlegroup
Selects Heavy Machine Gun Paradrop
Heavy Machine Gun Paradrop
Heavy Machine Gun Paradrop
M3 Armored Personnel Carrier
M3 Armored Personnel Carrier
Selects Paratrooper Squad Paradrop
Paratrooper Squad Paradrop
Selects Anti-tank Gun Team Paradrop
Paratrooper Squad Paradrop
M3 Armored Personnel Carrier
M3 Armored Personnel Carrier
Selects Dual P-47 Rocket Strike
Anti-tank Gun Team Paradrop
Anti-tank Gun Team Paradrop